 Dungeon Crawl Stone Soup version 0.18.1-50-g88ac8fd (console) character file.

94 Kloppie the Poker (level 4, 0/57 HPs)
             Began as a Merfolk Berserker on Oct 15, 2016.
             Was a Believer of Trog.
             Succumbed to an adder's poison
             ... on level 4 of the Dungeon.
             The game lasted 00:02:12 (1333 turns).

Kloppie the Poker (Merfolk Berserker)               Turns: 1333, Time: 00:02:12

Health: 0/57       AC:  7    Str: 22    XL:     4   Next: 63%
Magic:  4/4        EV: 12    Int:  6    God:    Trog [**....]
Gold:   68         SH:  0    Dex: 14    Spells: 0 memorised, 3 levels left

rFire  . . .     SeeInvis .     a - +0 trident
rCold  . . .     Gourm    .     j - +0 ring mail
rNeg   . . .     Faith    .     (no shield)
rPois  .         Spirit   .     e - +0 helmet
rElec  .         Dismiss  .     (no cloak)
rCorr  .         Reflect  .     (no gloves)
SustAt .         Harm     .     p - +0 pair of boots
MR     .....                    (no amulet)
Stlth  ..........               (no ring)
                                (no ring)

@: berserking (expiring), lethally poisoned (0 -> -5), very quick, not resistant
to hostile enchantments, extremely unstealthy
A: change form in water, swift swim
a: Berserk, Trog's Hand, Burn Spellbooks, Renounce Religion


You were on level 4 of the Dungeon.
You worshipped Trog.
Trog was pleased with you.
You were hungry.

You visited 1 branch of the dungeon, and saw 4 of its levels.

You collected 68 gold pieces.

Inventory:

Hand Weapons
 a - a +0 trident (weapon)
 s - a +0 spear
Armour
 b - a +0 animal skin
 e - a +0 helmet (worn)
 j - a +0 ring mail (worn)
 p - a +0 pair of boots (worn)
Jewellery
 i - an uncursed ring of poison resistance {unknown}
Scrolls
 h - 3 scrolls of identify {unknown}
 k - a scroll of immolation {unknown}
Potions
 g - a potion of curing {unknown}
 l - 2 potions of might {unknown}
 n - a potion of berserk rage {unknown}
 q - a potion of degeneration {unknown}
 r - a potion of heal wounds {unknown}
Comestibles
 c - 2 bread rations
 d - a meat ration
 m - a fruit
 o - a beef jerky


   Skills:
 + Level 4.6 Fighting
 + Level 6.3 Polearms
 - Level 1.3 Armour
 - Level 2.6 Dodging


You had 3 spell levels left.
You didn't know any spells.

Dungeon Overview and Level Annotations

Branches:
Dungeon (4/15)
 Temple: D:4-7

Altars:
Cheibriados
Nemelex Xobeh


Message History

The adder is moderately wounded.
* * * LOW HITPOINT WARNING * * *
You feel sick. The adder bites you.
* * * LOW HITPOINT WARNING * * *
The kobold hits you but does no damage.
You miss the adder.
The adder is moderately wounded.
The adder bites you.
* * * LOW HITPOINT WARNING * * *
You puncture the adder!
You kill the adder!
Trog accepts your kill.
* * * LOW HITPOINT WARNING * * *
You feel sick. The kobold hits you but does no damage.
You are too berserk!
You puncture the kobold!
You kill the kobold!
Trog accepts your kill.
A gnoll comes into view. It is wielding a spear.
You die...

#. #. .. #.
#. # #. .#
#..#)####...#
#...<@...#
###†##.....#
..< .......
..##. .......
## #. .......
#. ....... #.
....... ..
.g.....


You could see a gnoll (sleeping).

Vanquished Creatures
  An orc wizard (D:4)
  2 adders
  2 worms
  2 dart slugs
  3 giant geckos
  An orc (D:3)
  4 bats
  4 giant cockroaches
  2 goblins
  5 hobgoblins
  9 kobolds
  A giant newt (D:1)
  3 rats
39 creatures vanquished.

Notes
Turn   | Place    | Note
--------------------------------------------------------------
     0 | D:1      | Kloppie the Merfolk Berserker began the quest for the Orb.
     0 | D:1      | Reached XP level 1. HP: 18/18 MP: 1/1
    65 | D:1      | Reached XP level 2. HP: 20/24 MP: 2/2
   149 | D:1      | Reached skill level 5 in Polearms
   373 | D:1      | Reached XP level 3. HP: 30/30 MP: 3/3
   608 | D:2      | Found a snail-covered altar of Cheibriados.
   642 | D:2      | Reached ** piety under Trog
   692 | D:2      | Found a sparkling altar of Nemelex Xobeh.
   774 | D:2      | Found a snail-covered altar of Cheibriados.
  1105 | D:3      | Reached XP level 4. HP: 16/38 MP: 4/4
  1323 | D:4      | Reached skill level 6 in Polearms
  1330 | D:4      | HP: 2/57 [adder (1)]
  1333 | D:4      | Succumbed to an adder's poison

Skill      XL: |  1  2  3  4 |
---------------+-------------+-----
Polearms       | 5 6 |  6.3
Fighting       | 4 |  4.6
Armour         | |  1.3
Dodging        | |  2.6

Action                   |  1- 3 |  4- 6 || total
-------------------------+-------+-------++-------
Melee: Spear             |   125 |       ||   125
       Trident           |       |    16 ||    16
Invok: Berserk           |     1 |     1 ||     2
       Trog's Hand       |       |     1 ||     1
 Stab: Sleeping          |     1 |       ||     1
  Eat: Chunk             |     1 |     1 ||     2
Armor: Animal skin       |     4 |       ||     4
       Ring mail         |    11 |     9 ||    20
Dodge: Dodged            |    39 |     6 ||    45
